 Dungeon Crawl Stone Soup version 0.24-a0-309-g1095bca (webtiles) character file.

Game seed: 5693519410606464590

132 mhoghedin the Changer (level 4, -6/34 HPs)
             Began as a Demigod Transmuter on May 14, 2019.
             Mangled by an orc
             ... wielding a +1 whip of electrocution
              (8 damage)
             ... on level 2 of the Dungeon.
             The game lasted 00:04:06 (2131 turns).

mhoghedin the Changer (Demigod Transmuter)          Turns: 2131, Time: 00:04:07

Health: -6/34      AC:  2    Str: 15    XL:     4   Next: 62%
Magic:  5/11       EV: 19    Int: 17    God:
Gold:   114        SH:  0    Dex: 21    Spells: 3/9 levels left

rFire    + . .     SeeInvis .     - Unarmed
rCold    . . .     Gourm    .   (shield currently unavailable)
rNeg     . . .     Faith    .   (armour currently unavailable)
rPois    x         Spirit   .   (helmet currently unavailable)
rElec    .         Reflect  .   (cloak currently unavailable)
rCorr    .         Harm     .   (gloves currently unavailable)
MR       .....                  (boots currently unavailable)
Stlth    ++........             (no amulet)
HPRegen  0.11/turn              l - ring of protection from fire {rF+, !d}
MPRegen  0.12/turn              (no ring)

@: spider-form, very slightly contaminated
A: tiny, high mp 1
a: End Transformation


You were on level 2 of the Dungeon.
You were not hungry.
You were a venomous arachnid creature.
You visited 1 branch of the dungeon, and saw 3 of its levels.

You collected 114 gold pieces.

Inventory:

Hand Weapons
 i - a +1 vampiric short sword {!w}
   (You took it off a kobold on level 1 of the Dungeon)
 j - a +2 dagger of protection (melded)
   (You found it on level 1 of the Dungeon)
Missiles
 a - 86 arrows
Armour
 b - a +0 robe (melded)
 e - a +1 pair of boots (melded)
   (You found it on level 1 of the Dungeon)
Jewellery
 l - a ring of protection from fire (left front leg) {rF+, !d}
   (You found it on level 2 of the Dungeon)
Scrolls
 o - a scroll of fear
Potions
 c - 2 potions of curing {unknown}
 g - 2 potions of brilliance {unknown}
 m - a potion of degeneration {unknown}
 p - a potion of berserk rage {unknown}
Comestibles
 d - 2 rations


   Skills:
 - Level 0.8 Fighting
 - Level 1.7 Dodging
 - Level 2.6 Unarmed Combat
 + Level 3.3 Spellcasting
 - Level 3.4 Transmutations


You had 3 spell levels left.
You knew the following spells:

 Your Spells              Type           Power        Failure   Level  Hunger
a - Beastly Appendage     Tmut           ##....       13%         1    None
c - Spider Form           Tmut/Pois      #.........   47%         3    ###....
s - Sticks to Snakes      Tmut           ##......     17%         2    ##.....

Your spell library contained the following spells:

 Spells                   Type           Power        Failure   Level  Hunger
 Ice Form                 Ice/Tmut       #.......     82%         4    ####...
 Blade Hands              Tmut           ##........   89%         5    ######.


Dungeon Overview and Level Annotations

Branches:
Dungeon (3/15)


Innate Abilities, Weirdness & Mutations

You have an increased reservoir of magic. (+10% MP)


Message History

The bat hits you but does no damage.
You see here a scroll of identify.
The bat completely misses you. The bat closely misses you. The bat hits you.
A kobold comes into view.
You take 1 damage, and have 33/34 hp.
The bat barely misses you. x2
Health restored: 34
Casting: Sticks to Snakes (safe; 6% risk of failure)
You grow a pair of large bovine horns.
The bat closely misses you.
You now have 10/11 mp.
You hit the bat.
Your weapon exudes an aura of protection.
You kill the bat!
The orc throws a boomerang.
The boomerang barely misses you. The orc closely misses you.
You hit the orc. The orc barely misses you.
You barely miss the orc. You closely miss the orc.
Your headbutt misses the orc. The orc barely misses you.
You hit the orc.
You kill the orc!
Your Spellcasting skill increases to level 3!
An orc comes into view. It is wielding a +0 morningstar.
You closely miss the kobold.
The orc shouts!
You headbutt the kobold.
You kill the kobold!
The orc wizard casts a spell.
The orc wizard flickers and vanishes!
Deactivating autopickup; reactivate with Ctrl-A.
MP restored: 11 You closely miss the hobgoblin.
You headbutt the hobgoblin.
You kill the hobgoblin!
An orc comes into view.
It is wielding a +1 whip of electrocution.
You closely miss something. Something hits you but does no damage.
You miss something. Something hits you.
You take 1 damage, and have 33/34 hp.
You completely miss something.
The orc shouts!
You headbutt something. Something hits you but does no damage.
You hit something but do no damage.
Your weapon exudes an aura of protection.
You headbutt something. Something hits you.
You take 2 damage, and have 31/34 hp.
You barely miss something.
You hear some strange, mumbled words.
A puff of flame appears from out of thin air!
The puff of flame hits you. You resist.
You take 2 damage, and have 29/34 hp.
You closely miss something. Your headbutt misses something. Something hits you.
You take 2 damage, and have 27/34 hp.
You hit something.
Your weapon exudes an aura of protection.
Your headbutt misses something. Something hits you but does no damage.
You barely miss something. You headbutt something.
Reactivating autopickup.
You feel a bit more experienced.
Your transformation is almost over.
You barely miss the orc. Your punch misses the orc.
The orc hits you but does no damage.
You hit the orc. The orc misses you.
You hit the orc. You headbutt the orc, but do no damage.
The orc hits you but does no damage.
You hit the orc. Your headbutt misses the orc. The orc misses you.
You hit the orc.
You kill the orc!
You hit the orc. Your headbutt misses the orc. The orc closely misses you.
You barely miss the orc. The orc hits you but does no damage.
You hit the orc but do no damage. The orc hits you but does no damage.
You hit the orc. You headbutt the orc, but do no damage.
The orc hits you but does no damage.
You are electrocuted!
You take 13 damage, and have 15/34 hp.
MASSIVE DAMAGE!!
You hit the orc.
Your horns disappear.
The orc hits you but does no damage.
You are electrocuted!
* * * LOW HITPOINT WARNING * * *
You take 14 damage, and have 1/34 hp.
MASSIVE DAMAGE!!
There is a stone staircase leading up here.
The orc closely misses you.
You climb upwards.
There is a stone staircase leading down here.
You aren't carrying any items that you can evoke.
Okay, then.
Unknown command.
You miscast Spider Form.
You are very lightly contaminated with residual magic.
You feel mildly nauseous. The orc barely misses you.
You now have 8/11 mp.
You turn into a venomous arachnid creature.
Your +2 dagger of protection melds into your body.
Your +1 pair of boots melds into your body.
Your +0 robe melds into your body.
Your +2 dagger of protection goes still.
The orc hits you with a +1 whip of electrocution!
You die...

#############.#######.
#...........# #.
#.#########.##### ##
#########.## #..........# #
#..........# #..........#
#.........(# #..........#
#..........###..........####
#########.>o................
##.s................
####<..###..####### #####
#..#### #.....####
#..##.##.. #..##.##..
#..##.##.. #..##.##..
#..##.####


You could see an orc.

Vanquished Creatures
  An orc wizard (D:3)
  A gnoll (D:2)
  An adder (D:2)
  An ooze (D:1)
  A dart slug (D:1)
  A leopard gecko (D:1)
  2 orcs (D:3)
  2 ball pythons (D:2)
  5 giant cockroaches
  9 goblins
  5 hobgoblins
  7 jackals (D:1)
  6 kobolds
  A quokka (D:2)
  10 bats
  3 frilled lizards
  7 rats
63 creatures vanquished.

Vanquished Creatures (collateral kills)
  2 gnolls (D:2)
  A bat (D:2)
3 creatures vanquished.

Grand Total: 66 creatures vanquished

Notes
Turn   | Place    | Note
-------+----------+-------------------------------------------
     0 | D:1      | mhoghedin the Demigod Transmuter began the quest for the
                  | Orb.
     0 | D:1      | Reached XP level 1. HP: 15/15 MP: 5/5
    61 | D:1      | Reached skill level 2 in Transmutations
   274 | D:1      | Reached XP level 2. HP: 22/22 MP: 5/7
   426 | D:1      | Reached skill level 3 in Transmutations
   560 | D:1      | Learned a level 2 spell: Sticks to Snakes
   575 | D:1      | Reached XP level 3. HP: 26/27 MP: 8/8
   727 | D:1      | Reached skill level 2 in Spellcasting
   755 | D:1      | Learned a level 3 spell: Spider Form
   943 | D:2      | Found a burning altar of Makhleb.
  1382 | D:2      | Reached XP level 4. HP: 18/34 MP: 2/10
  2102 | D:3      | Reached skill level 3 in Spellcasting
  2122 | D:3      | HP: 1/34 [orc/+1 whip of electrocution (15)]
  2131 | D:2      | Mangled by an orc

Levels and vault maps discovered:
D:1:      nicolae_arrival_washed_ashore, layout_loops_ring, minmay_bisected
D:2:      layout_basic, bloody_makhleb
D:3:      layout_rooms, chequers_ecumenical_altar_twisty, ebering_ghost_sewer_d,
          first_ration

Skill      XL: |  1  2  3  4 |
---------------+-------------+-----
Transmutations | 2 3 |  3.4
Spellcasting   | 2 3 |  3.3
Fighting       | |  0.8
Dodging        | |  1.7
Unarmed Combat | |  2.6

Action                   |  1- 3 |  4- 6 || total
-------------------------+-------+-------++-------
Melee: Unarmed           |    31 |       ||    31
       Headbutt          |     2 |     7 ||     9
       Punch             |     2 |       ||     2
       Short sword       |   137 |    27 ||   164
       Dagger            |       |    28 ||    28
 Cast: Beastly Appendage |     7 |     1 ||     8
       Sticks to Snakes  |     4 |       ||     4
       Spider Form       |       |     1 ||     1
  Use: Scroll            |       |     6 ||     6
 Stab: Sleeping          |     4 |     2 ||     6
  Eat: Ration            |     2 |     1 ||     3
       Chunk             |     1 |       ||     1
Armor: Robe              |    65 |    16 ||    81
Dodge: Dodged            |   128 |    28 ||   156

Table legend:
 A = Non-vault XP
 B = Vault XP
 C = Vault XP percentage of total XP
 D = Non-vault monster count
 E = Vault monster count
 F = Vault count percentage of total count
                 A         B        C        D         E       F
            +---------+---------+-------+---------+---------+-------
      Total |     184 |       5 |   2.6 |      63 |       3 |   4.5
            +---------+---------+-------+---------+---------+-------
        D:1 |      67 |       5 |   6.9 |      36 |       3 |   7.7
        D:2 |      72 |       0 |   0.0 |      21 |       0 |   0.0
        D:3 |      45 |       0 |   0.0 |       6 |       0 |   0.0
            +---------+---------+-------+---------+---------+-------

Levels and vault maps discovered:
D:1:      nicolae_arrival_washed_ashore, layout_loops_ring, minmay_bisected
D:2:      layout_basic, bloody_makhleb
D:3:      layout_rooms, chequers_ecumenical_altar_twisty, ebering_ghost_sewer_d,
          first_ration

Table legend:
 A = Turns spent in this place as a percentage of turns spent in the entire game.
 B = Non-inter-level travel turns spent in this place as a percentage of non-inter-level travel turns spent in the entire game.
 C = Inter-level travel turns spent in this place as a percentage of turns spent in this place.
 D = Turns resting spent in this place as a percentage of non-inter-level travel turns spent in this place.
 E = Turns spent auto-exploring this place as a percentage of non-inter-level travel turns spent in this place.
 F = Non-inter-level travel turns spent in this place divided by the number of levels of this place that you've seen.
                   A       B       C       D       E      F
               +-------+-------+-------+-------+-------+----------------------
         Total | 100.0 | 100.0 |   1.6 |  21.7 |  53.8 | 699.0
       Dungeon | 100.0 | 100.0 |   1.6 |  21.7 |  53.8 | 699.0
               +-------+-------+-------+-------+-------+----------------------

Table legend:
 A = Kills in this place as a percentage of kills in entire the game.
 B = Kills by you in this place as a percentage of kills by you in the entire game.
 C = Kills by friends in this place as a percentage of kills by friends in the entire game.
 D = Other kills in this place as a percentage of other kills in the entire game.
 E = Experience gained in this place as a percentage of experience gained in the entire game.
 F = Experience gained in this place divided by the number of levels of this place that you have seen.
                   A       B       C       D       E      F
               +-------+-------+-------+-------+-------+----------------------
         Total | 100.0 | 100.0 | 100.0 |   N/A | 100.0 |  63.0
       Dungeon | 100.0 | 100.0 | 100.0 |   N/A | 100.0 |  63.0
               +-------+-------+-------+-------+-------+----------------------
